 Dungeon Crawl Stone Soup version 0.27-a0-906-g0a00ce863d (webtiles) character file.

Game seed: 14444185288236421669

4319 jestyr24 the Thaumaturge (level 10, 0/65 HPs)
             Began as a Djinni Conjurer on Apr 6, 2021.
             Was an Elder of Lugonu.
             Slain by a wyvern (8 damage)
             ... on level 9 of the Dungeon.
             The game lasted 00:37:04 (11651 turns).

jestyr24 the Thaumaturge (Djinni Conjurer)         Turns: 11651, Time: 00:37:06

Health: 0/65       AC:  6    Str:  6    XL:     10   Next: 33%
Gold:   371        EV: 13    Int: 24    God:    Lugonu [****..] SH:  0 Dex: 11

rFire    + + .     SeeInvis +   a - +5 spear (vamp)
rCold    x . .     Faith    .   (no shield)
rNeg     . . .     Spirit   .   G - +0 robe
rPois    ∞         Reflect  .   i - +1 helmet
rElec    .         Harm     .   D - +0 cloak
rCorr    .         Rampage  .   h - +0 pair of gloves
Will     ++...                  (boots unavailable)
Stlth    +++.......             (no amulet)
HPRegen  0.20/turn              e - ring of willpower
MPRegen  0.00/turn              s - ring of see invisible

@: marked, flying
A: fire resistance 2, cold vulnerability 1, float, innate caster, hp casting,
extra vitality 1
a: Renounce Religion, Depart the Abyss, Bend Space, Banish, Corrupt


You were on level 9 of the Dungeon.
You worshipped Lugonu.
Lugonu was greatly pleased with you.
You visited 1 branch of the dungeon, and saw 9 of its levels.

You collected 371 gold pieces.

Inventory:

Hand Weapons
 a - a +5 vampiric spear (weapon)
 j - a +3 quarterstaff of chaos
 v - a +0 morningstar
 y - a +0 hand crossbow of venom
Missiles
 o - 4 javelins
 B - 44 bolts
Armour
 h - a +0 pair of gloves (worn)
 i - a +1 helmet (worn)
 m - +0 acid dragon scales
 D - a +0 cloak (worn)
 G - a +0 robe (worn)
Magical Staves
 p - a staff of fire
 w - a staff of air
Jewellery
 e - a ring of willpower (left hand)
 r - a ring of willpower
 s - a ring of see invisible (right hand)
Wands
 q - a wand of charming (5)
 u - a wand of digging (3)
 x - a wand of iceblast (10)
Scrolls
 c - a scroll of enchant armour
 k - 3 scrolls of teleportation
 n - 2 scrolls of fog
 H - a scroll of enchant weapon {unknown}
Potions
 b - a potion of attraction {unknown}
 d - a potion of haste {unknown}
 f - 3 potions of curing
 g - 2 potions of brilliance
 l - 3 potions of heal wounds {unknown}
 t - a potion of berserk rage {unknown}
 z - a potion of ambrosia {unknown}
 A - a potion of magic {unknown}
 C - a potion of flight {unknown}
 E - 2 potions of might {unknown}
 F - a potion of degeneration {unknown}


   Skills:
 + Level 2.6 Fighting
 - Level 1.5 Short Blades
 + Level 3.7 Dodging
 + Level 5.3 Stealth
 + Level 11.3 Spellcasting


You had 7 spell levels left.
You knew the following spells:

 Your Spells              Type           Power      Damage    Failure   Level
a - Magic Dart            Conj           100%       1d8       1%          1
b - Searing Ray           Conj           100%       3d7       1%          2
c - Dazzling Flash        Conj/Hex       100%       N/A       1%          3
d - Fulminant Prism       Conj/Hex       30%        3d16      1%          4
e - Iskenderun's Mystic   Conj/Tloc      61%        2d13      1%          4
f - Apportation           Tloc           100%       N/A       1%          1
g - Slow                  Hex            61%        N/A       1%          2
h - Mephitic Cloud        Conj/Pois/Air  61%        N/A       1%          3
i - Ice Form              Ice/Tmut       61%        N/A       1%          4
Your spell library was empty.

Dungeon Overview and Level Annotations

Branches:
Dungeon (9/15)             Temple (0/1) D:6
   Lair: D:8-11         Orc: D:9-12

Altars:
Gozag
Uskayaw
Vehumet
Wu Jian
The Shining One
Lugonu

Shops:
D:3 *   D:4 ?   D:6 [


Innate Abilities, Weirdness & Mutations

You are immune to poison.
Your flesh is very heat resistant. (rF++)
You are vulnerable to cold. (rC-)
You float through the air rather than walking.
You learn spells naturally, not from books.
Your magical power is your life essence.
You have superior vitality. (+4 HP)


Message History

The killer bee stings you.
Something unseen opens the door.
A centaur comes into view.
The killer bee misses you.
Casting: Searing Ray (safe; 1% risk of failure)
Confirm with . or Enter, or press ? or * to list all spells.
Aiming: Searing Ray (safe; 1% risk of failure)
Press: ? - help, Shift-Dir - straight line, f/p - killer bee
Aim: a killer bee (moderately wounded, 35% to evade)
The searing ray hits the killer bee!
You kill the killer bee!
Lugonu accepts your kill. (Press . to maintain the ray.)
The centaur wields a +0 shortbow.
The centaur shoots an arrow.
The arrow hits you!
Casting: Searing Ray (safe; 1% risk of failure)
Confirm with . or Enter, or press ? or * to list all spells.
Aiming: Searing Ray (safe; 1% risk of failure)
Press: ? - help, Shift-Dir - straight line, f - centaur
Aim: a centaur, wielding a +0 shortbow and quivering arrows (10% to evade)
The searing ray hits the centaur!!
The centaur is almost dead. (Press . to maintain the ray.)
The centaur shoots an arrow.
The arrow closely misses you.
The centaur shoots an arrow.
The arrow hits you.
* * * LOW HITPOINT WARNING * * *
The searing ray hits the centaur!
You kill the centaur!
Lugonu accepts your kill.
* * * LOW HITPOINT WARNING * * *
A centaur comes into view.
The centaur wields a +0 shortbow.
The centaur shoots an arrow.
The arrow hits you but does no damage.
The searing ray hits the centaur!
The centaur is heavily wounded.
* * * LOW HITPOINT WARNING * * *
The centaur shoots an arrow.
The arrow hits you!
* * * LOW HITPOINT WARNING * * *
The wyvern bites you!
You die...

.... .....
..... ......
.... ......
...#+##+#....
#......†..#
#......†..#
#.........#
####....l....#
##.#....@######
#..#.....#
#..#.....c
#..#.....#.
##'##.....#.#
#.)...##### #
#.....# #.....#
#..<..#


You could see a wyvern and a centaur.

Vanquished Creatures
  2 two-headed ogres (D:8)
  Joseph (D:7)
  A hornet (D:8)
  A vampire mosquito (D:8)
  Menkaure (D:4)
  An ice beast (D:8)
  2 black bears
  A sky beast (D:4)
  2 ogres (D:5)
  3 centaurs
  A kobold brigand (D:7)
  A gnoll sergeant (D:8)
  4 scorpions
  3 bullfrogs
  4 killer bees (D:9)
  2 electric eels (D:6)
  A howler monkey (D:8)
  A bullfrog zombie (D:5)
  A bullfrog skeleton (D:5)
  3 orc priests
  2 hounds
  4 jellies
  Crazy Yiuf (D:6)
  2 iguanas
  2 orc wizards
  3 gnolls (D:8)
  2 howler monkey skeletons
  8 adders
  2 shadow imps (D:7)
  2 white imps
  An ufetubus (D:5)
  An adder zombie (D:5)
  A worm (D:5)
  A dart slug (D:4)
  21 orcs
  5 endoplasms
  3 giant cockroaches
  5 goblins
  7 hobgoblins
  3 quokkas
  6 ball pythons
  12 bats
  A frilled lizard (D:3)
  8 kobolds
  4 rats
143 creatures vanquished.

Vanquished Creatures (others)
  15 fulminant prisms
  8 plants (D:6)
23 creatures vanquished.

Grand Total: 166 creatures vanquished

Notes
Turn   | Place    | Note
-------+----------+-------------------------------------------
     0 | D:1      | jestyr24 the Djinni Conjurer began the quest for the Orb.
     0 | D:1      | Reached XP level 1. HP: 15/15 MP: 0/0
   313 | D:1      | Found a faded altar of an unknown god.
   319 | D:1      | Became a worshipper of Lugonu the Unformed
   319 | D:1      | Reached * piety under Lugonu
   319 | D:1      | Reached ** piety under Lugonu
   389 | D:1      | Reached XP level 2. HP: 17/21 MP: 0/0
   585 | D:1      | Reached skill level 4 in Spellcasting
  1531 | D:2      | Reached XP level 3. HP: 21/25 MP: 0/0
  1531 | D:2      | Learned a level 1 spell: Apportation
  2334 | D:3      | Reached XP level 4. HP: 30/31 MP: 0/0
  2558 | D:3      | Found Dasuug's Assorted Antiques.
  3761 | D:4      | Noticed a sky beast
  3766 | D:4      | Killed a sky beast
  3767 | D:4      | Reached skill level 5 in Spellcasting
  3767 | D:4      | Reached XP level 5. HP: 29/35 MP: 0/0
  3767 | D:4      | Learned a level 2 spell: Slow
  3923 | D:4      | Found Juizocai's Magic Scroll Shoppe.
  4157 | D:4      | Noticed Menkaure
  4164 | D:4      | Killed Menkaure
  4165 | D:4      | Reached skill level 6 in Spellcasting
  4165 | D:4      | Reached XP level 6. HP: 15/40 MP: 0/0
  4559 | D:4      | Noticed a black bear
  4566 | D:4      | Killed a black bear
  4567 | D:4      | Reached XP level 7. HP: 15/45 MP: 0/0
  4567 | D:4      | Learned a level 3 spell: Mephitic Cloud
  4923 | D:5      | Entered Level 5 of the Dungeon
  4941 | D:5      | Reached *** piety under Lugonu
  5491 | D:5      | Reached skill level 7 in Spellcasting
  5646 | D:5      | Found an ornate altar of the Wu Jian Council.
  5653 | D:5      | Reached skill level 1 in Short Blades
  5738 | D:5      | Found a glowing golden altar of the Shining One.
  5772 | D:5      | Reached XP level 8. HP: 46/51 MP: 0/0
  6081 | D:5      | Reached skill level 8 in Spellcasting
  6577 | D:6      | Found a staircase to the Ecumenical Temple.
  6769 | D:6      | Found a runed translucent door.
  6770 | D:6      | Noticed Crazy Yiuf
  6777 | D:6      | Killed Crazy Yiuf
  6850 | D:6      | Found a hide-covered altar of Uskayaw.
  6867 | D:6      | Found Loasouk's Antique Armour Boutique.
  7296 | D:6      | Reached skill level 1 in Fighting
  8592 | D:7      | Noticed Joseph
  8603 | D:7      | Killed Joseph
  8604 | D:7      | Reached skill level 9 in Spellcasting
  8604 | D:7      | Reached XP level 9. HP: 13/57 MP: 0/0
  8604 | D:7      | Learned a level 4 spell: Ice Form
  9009 | D:7      | Found an opulent altar of Gozag.
  9459 | D:8      | Noticed a two-headed ogre
  9462 | D:8      | HP: 2/57 [two-headed ogre/+0 giant club (12)]
  9802 | D:8      | Killed a two-headed ogre
  9803 | D:8      | Reached skill level 10 in Spellcasting
 10151 | D:8      | Noticed a hornet
 10156 | D:8      | Killed a hornet
 10691 | D:8      | Reached skill level 5 in Stealth
 10693 | D:8      | Noticed a two-headed ogre
 10695 | D:8      | Reached XP level 10. HP: 59/64 MP: 0/0
 10700 | D:8      | Killed a two-headed ogre
 10701 | D:8      | Reached skill level 11 in Spellcasting
 11643 | D:9      | Reached **** piety under Lugonu
 11651 | D:9      | Slain by a wyvern

Illustrated notes

Levels and vault maps discovered:
D:1:      dpeg_arrival_houses_and_road, layout_loops_corners,
          basic_ecumenical_altar, kennysheep_another_room
D:2:      layout_basic
D:3:      layout_loops_corners, serial_shops, nicolae_shop_statue_plus
D:4:      layout_loops_ring, serial_shops, shop, dk_noncrumbling_2,
          uniq_menkaure
D:5:      layout_basic, nicolae_wu_jian_wuxing_cycle,
          nicolae_overflow_hidden_temple, kennysheep_dice
D:6:      wad_lake_hut, layout_layer_cave, nicolae_uskayaw_suspiria,
          minmay_temple_entry_overgrown, serial_shops, kennysheep_mini,
          uniq_crazy_yiuf_cottage
D:7:      layout_basic, nicolae_gozag_cash_rules_everything_around_me,
          hangedman_abyss_or_decor_lesser_grid, solitary_fountain, uniq_joseph
D:8:      layout_loops_ring, lemuel_doored_altar, hangedman_pestilent_swarm
D:9:      layout_gridville, orc_0_dummy, serial_shops, shop_statue,
          uniq_gastronok, uniq_erica

Skill      XL: |  1  2  3  4  5  6  7  8  9 10 |
---------------+-------------------------------+-----
Spellcasting   | 4 5 6 7 9 10 11 | 11.3
Stealth        | 2 3 4 5 |  5.3
Short Blades   | 1 |  1.5
Fighting       | 1 2 |  2.6
Dodging        | 3 |  3.7

Action                   |  1- 3 |  4- 6 |  7- 9 | 10-12 || total
-------------------------+-------+-------+-------+-------++-------
Melee: Dagger            |       |     3 |       |       ||     3
       Quarterstaff      |       |       |     4 |       ||     4
       Spear             |       |       |     2 |     4 ||     6
 Cast: Magic Dart        |    68 |    48 |    68 |    13 ||   197
       Searing Ray       |     1 |     5 |    45 |     5 ||    56
       Slow              |       |     1 |     3 |       ||     4
       Dazzling Flash    |       |     1 |       |       ||     1
       Fulminant Prism   |       |       |    12 |     3 ||    15
       Mephitic Cloud    |       |       |     1 |       ||     1
  Use: Scroll            |       |       |     9 |       ||     9
Armor: Robe              |     6 |     3 |     5 |     1 ||    15
Dodge: Dodged            |     4 |     9 |    27 |     8 ||    48

Table legend: (Time is in decaauts)
 A = Elapsed time spent in this place.
 B = Non-inter-level travel time spent in this place.
 C = Inter-level travel time spent in this place.
 D = Time resting spent in this place.
 E = Time spent auto-exploring this place.
 F = Levels seen in this place.
 G = Mean time per level.
                   A        B        C        D        E       F      G
               +--------+--------+--------+--------+--------+-----+--------+
         Total |  11649 |  11203 |    446 |   3312 |   6874 |   9 | 1294.3 |
       Dungeon |  11649 |  11203 |    446 |   3312 |   6874 |   9 | 1294.3 |
               +--------+--------+--------+--------+--------+-----+--------+

Top non-repeatable levels by time:
     D:6: 1926 daAuts
     D:8: 1870 daAuts
     D:5: 1610 daAuts
     D:1: 1443 daAuts
     D:4: 1225 daAuts
     D:2: 1220 daAuts
     D:3: 1033 daAuts
     D:7: 983 daAuts
     D:9: 335 daAuts
